 Dungeon Crawl Stone Soup version 0.28-a0-1518-gbe868bca14 (webtiles) character file.

Game seed: 6507066965073031550

23310 Ijustatesigmund the Cleaver (level 13, -13/119 HPs)
             Began as a Hill Orc Fighter on Jan 17, 2022.
             Was an Elder of Cheibriados.
             Mangled by an enormous slime creature (71 damage)
             ... on level 13 of the Dungeon.
             The game lasted 00:27:05 (17955 turns).

Ijustatesigmund the Cleaver (Hill Orc Fighter)     Turns: 17955, Time: 00:27:06

Health: -13/119    AC: 14    Str: 31    XL:     13   Next: 5%
Magic:  2/22       EV:  9    Int: 19    God:    Cheibriados [****..]
Gold:   935        SH: 30    Dex: 19    Spells: 12/12 levels left

rFire   . . .      SeeInvis .   a - +2 war axe
rCold   . . .      Faith    .   H - +18 shield of the Gong {rElec rN+ Will+ EV-5}
rNeg    + . .      Spirit   .   b - +0 acid dragon scales
rPois   +          Reflect  .   (no helmet)
rElec   +          Harm     .   (no cloak)
rCorr   +          Rampage  .   o - +2 pair of gloves {infuse}
Will    ++...                   h - +2 pair of boots
Stlth   +.........              (no amulet)
HPRegen 0.29/turn               f - ring of poison resistance
MPRegen 0.18/turn               i - ring of willpower

@: about to teleport, very slow
A: no striking features
a: Renounce Religion, Bend Time, Temporal Distortion, Slouch


You were on level 13 of the Dungeon.
You worshipped Cheibriados.
Cheibriados was greatly pleased with you.
You visited 2 branches of the dungeon, and saw 15 of its levels.
You also visited: Ossuary and Bailey.

You collected 935 gold pieces.

Inventory:

Hand Weapons
 a - a +2 war axe (weapon)
 k - a +1 flail of protection
Armour
 b - +0 acid dragon scales (worn)
 c - a +0 buckler
 h - a +2 pair of boots (worn)
 o - a +2 pair of gloves of infusion (worn)
 H - the +18 shield of the Gong (worn) {rElec rN+ Will+ EV-5}
   (You found it on level 8 of the Dungeon)

   It is deafeningly noisy when blocking attacks.
   EV:        It affects your evasion (-5).
   rElec:     It insulates you from electricity.
   rN:        It protects you from negative energy.
   Will:      It increases your willpower.
Jewellery
 f - a ring of poison resistance (left hand)
 i - a ring of willpower (right hand)
 p - a ring of positive energy
 D - a ring of ice
 K - a ring of wizardry
 M - a ring of positive energy
Wands
 l - a wand of polymorph (25)
 n - a wand of mindburst (15)
 u - a wand of acid (5)
 F - a wand of iceblast (9)
 J - a wand of flame (11)
 L - a wand of digging (3)
Scrolls
 g - 2 scrolls of torment
 j - a scroll of silence
 q - 2 scrolls of amnesia
 y - 6 scrolls of fog
 A - 2 scrolls of enchant armour
 C - a scroll of fear
 E - 5 scrolls of identify
 G - a scroll of brand weapon {unknown}
 N - a scroll of blinking
Potions
 d - 3 potions of might
 e - 3 potions of flight
 r - 4 potions of lignification
 s - 2 potions of magic
 t - a potion of brilliance
 v - 2 potions of curing
 w - a potion of cancellation
 x - a potion of resistance
 z - 3 potions of mutation
 B - a potion of ambrosia
 I - a potion of attraction


   Skills:
 + Level 12.6 Fighting
 + Level 14.9 Axes
 - Level 7.6 Armour
 - Level 5.9 Dodging
 - Level 8.6 Shields
 + Level 12.5 Invocations


You had 12 spell levels left.
You didn't know any spells.
Your spell library contained the following spells:

 Spells                   Type           Power      Damage    Failure   Level
 Apportation              Tloc           0%         N/A       50%         1
 Summon Small Mammal      Summ           0%         N/A       50%         1
 Corpse Rot               Necr/Air       0%         N/A       65%         2
 Poisonous Vapours        Pois/Air       0%         N/A       65%         2
 Sublimation of Blood     Necr           0%         N/A       65%         2
 Call Canine Familiar     Summ           0%         N/A       86%         3
 Dazzling Flash           Conj/Hex       0%         N/A       86%         3
 Frozen Ramparts          Ice            0%         1d2       86%         3
 Stone Arrow              Conj/Erth      0%         3d7       86%         3
 Summon Guardian Golem    Hex/Summ       0%         N/A       86%         3
 Animate Armour           Summ/Erth      0%         N/A       99%         4
 Ice Form                 Ice/Tmut       0%         N/A       99%         4
 Petrify                  Tmut/Erth      0%         N/A       99%         4
 Summon Ice Beast         Ice/Summ       0%         N/A       99%         4
 Agony                    Necr           0%         N/A       100%        5
 Alistair's Intoxication  Tmut/Pois      0%         N/A       100%        5
 Irradiate                Conj/Tmut      0%         3d14      100%        5
 Silence                  Hex/Air        0%         N/A       100%        5
 Summon Forest            Summ/Tloc      0%         N/A       100%        5
 Summon Mana Viper        Hex/Summ       0%         N/A       100%        5
 Summon Cactus Giant      Summ           0%         N/A       100%        6
 Lehudib's Crystal Spear  Conj/Erth      0%         10d2      100%        8


Dungeon Overview and Level Annotations

Branches:
Dungeon (14/15)            Temple (1/1) D:7            Lair (0/6) D:10
    Orc (0/2) D:10        Ossuary (visited)          Bailey (visited)
 Vaults: D:13-14

Altars:
Ashenzari
Cheibriados
Dithmenos
Elyvilon
Fedhas
Gozag
Hepliaklqana
Kikubaaqudgha
Makhleb
Nemelex Xobeh
Okawaru
Qazlal
Ru
Sif Muna
Trog
Uskayaw
Vehumet
Wu Jian
Xom
Yredelemnul
Zin
The Shining One

Portals:
Abyss: D:5

Annotations:
D:5 2 transporters, feta's ghost, novice HOFi


Message History

You are too injured to fight recklessly!
You are too injured to fight recklessly!
You are too injured to fight recklessly!
You are too injured to fight recklessly!
You are too injured to fight recklessly!
You are too injured to fight recklessly!
You are too injured to fight recklessly!
You are too injured to fight recklessly!
You are too injured to fight recklessly!
You are too injured to fight recklessly!
You are too injured to fight recklessly!
Unknown command.
You are too injured to fight recklessly!
You are too injured to fight recklessly!
You are too injured to fight recklessly!
You are too injured to fight recklessly!
You are too injured to fight recklessly!
You are too injured to fight recklessly!
You are too injured to fight recklessly!
You are too injured to fight recklessly!
You are too injured to fight recklessly!
You are too injured to fight recklessly!
You are too injured to fight recklessly!
You are too injured to fight recklessly!
You are too injured to fight recklessly!
You are too injured to fight recklessly!
You are too injured to fight recklessly!
You are too injured to fight recklessly!
You are too injured to fight recklessly!
As you read the scroll of fear, it crumbles to dust.
You assume a fearsome visage.
The large slime creature is unaffected.
The slime creature is unaffected. x2
Two slime creatures merge to form a very large slime creature.
A slime creature comes into view.
Two slime creatures merge to form an enormous slime creature.
Okay, then.
As you read the scroll of teleportation, it crumbles to dust.
You feel strangely unstable. The enormous slime creature hits you!!!
Ouch! That really hurt!
You die...

#...##.>.............
#...####.##.#.#######
##.## #.##.### #.#
#.##.# #.# #.##.#
#.### #.##.# #...#
#.##.# #.#.# #.##.#
#.#@# #.##.# #.#J#
###.#J###.#
#...).....# ..#
#.....#.##### ..#
#...###.# ###y### #.#
#.# #.#JJy# # ...
#.###y## #.#


You could see an enormous slime creature and a slime creature.

Vanquished Creatures
  Nessos (D:12)
  Fannar (D:12)
  3 boulder beetles
  4 centaur warriors
  A two-headed ogre (D:11)
  Erica (D:9)
  Pikel (D:6)
  2 deep elf pyromancers
  An ugly thing (D:13)
  4 cyclopes
  2 vault sentinels (D:8)
  2 gargoyles (D:12)
  2 komodo dragons
  An unseen horror (D:13)
  2 tengu conjurers (D:12)
  A troll (D:12)
  4 slime creatures
  4 wraiths
  A vampire (D:13)
  2 wyverns (D:9)
  5 yaks (D:9)
  Grum (D:8)
  2 steam dragons
  10 vampire mosquitoes
  Menkaure (D:4)
  3 wargs (D:10)
  3 acid dragons
  An ice beast (D:5)
  7 orc warriors
  2 black bears
  2 sky beasts
  An ogre (D:6)
  A necrophage (D:7)
  3 wolves (D:8)
  10 centaurs
  3 lemures (D:6)
  2 phantoms (D:5)
  Blork the orc (D:6)
  4 bullfrogs
  2 scorpions
  A water moccasin skeleton (D:5)
  7 killer bees
  3 wights (D:8)
  3 howler monkeys
  6 centaur zombies
  A jelly (D:6)
  A centaur skeleton (D:7)
  9 orc priests
  A bullfrog skeleton (D:5)
  5 hounds
  A gnoll shaman (D:8)
  A scorpion zombie (D:5)
  18 orc wizards
  A hound zombie (D:4)
  3 mummies (Ossuary)
  A howler monkey zombie (D:7)
  8 gnolls
  6 adders
  A white imp (D:7)
  An ufetubus (D:4)
  An adder skeleton (D:4)
  50 orcs
  6 ball pythons
  7 bats
  3 endoplasms
  2 giant cockroaches
  A gnoll zombie (Ossuary)
  11 goblins
  7 hobgoblins
  11 jackals
  A quokka (D:2)
  4 frilled lizards
  4 hobgoblin zombies (Ossuary)
  23 kobolds
  A kobold zombie (Ossuary)
  2 orc zombies (Ossuary)
  6 rats
322 creatures vanquished.

Vanquished Creatures (others)
  Psyche (D:8)
  2 plants
3 creatures vanquished.

Grand Total: 325 creatures vanquished

Notes
Turn   | Place    | Note
-------+----------+-------------------------------------------
     0 | D:1      | Ijustatesigmund the Hill Orc Fighter began the quest for
                  | the Orb.
     0 | D:1      | Reached XP level 1. HP: 19/19 MP: 1/1
    92 | D:1      | Reached skill level 3 in Axes
   111 | D:1      | Found a faded altar of an unknown god.
   188 | D:1      | Reached XP level 2. HP: 27/27 MP: 2/2
   274 | D:1      | Reached skill level 4 in Axes
   283 | D:1      | Reached XP level 3. HP: 27/33 MP: 3/3
   787 | D:2      | You fall into a shaft and drop 1 floor!
   809 | D:3      | Reached XP level 4. HP: 22/41 MP: 4/4
  1088 | D:3      | Reached skill level 5 in Axes
  1492 | D:3      | Noticed a black bear
  1502 | D:3      | Killed a black bear
  1503 | D:3      | Reached skill level 5 in Fighting
  1503 | D:3      | Reached skill level 6 in Axes
  1503 | D:3      | Reached XP level 5. HP: 22/48 MP: 5/5
  1778 | D:3      | Found a glowing silver altar of Zin.
  2146 | D:4      | Reached XP level 6. HP: 54/56 MP: 6/6
  2217 | D:4      | Reached skill level 7 in Axes
  2250 | D:4      | Noticed Menkaure
  2520 | D:4      | Killed Menkaure
  2521 | D:4      | Reached skill level 8 in Axes
  2521 | D:4      | Reached XP level 7. HP: 48/63 MP: 7/7
  3665 | D:4      | Reached skill level 9 in Axes
  4356 | D:5      | Entered Level 5 of the Dungeon
  4433 | D:5      | Reached XP level 8. HP: 42/73 MP: 8/8
  4747 | D:5      | Found a one-way gate to the infinite horrors of the Abyss.
  4747 | D:5      | Noticed feta's ghost (novice HOFi)
  4754 | D:5      | Found a transporter.
  4775 | D:5      | Found a transporter.
  4815 | D:5      | Reached skill level 10 in Axes
  5732 | D:6      | Found a sand-covered staircase.
  5735 | Ossuary  | Entered an ossuary
  6179 | D:6      | Reached skill level 11 in Axes
  6407 | D:6      | Found a basalt altar of Yredelemnul.
  6559 | D:6      | Noticed Pikel
  6577 | D:6      | Reached XP level 9. HP: 46/82 MP: 9/9
  6591 | D:6      | Killed Pikel
  6592 | D:6      | Reached skill level 5 in Armour
  6944 | D:6      | Found an opulent altar of Gozag.
  7179 | D:6      | Found a sparkling altar of Nemelex Xobeh.
  7179 | D:6      | Found a stormy altar of Qazlal.
  7294 | D:6      | Noticed Blork the orc
  7305 | D:6      | Killed Blork the orc
  7307 | D:6      | Found a shimmering blue altar of Sif Muna.
  7467 | D:7      | Reached skill level 12 in Axes
  7484 | D:7      | Found a hazy altar of Hepliaklqana.
  7846 | D:7      | Found a staircase to the Ecumenical Temple.
  8279 | Temple   | Entered the Ecumenical Temple
  8336 | Temple   | Became a worshipper of Cheibriados the Contemplative
  8396 | D:8      | Noticed Psyche
  8438 | D:8      | Killed Psyche
  8439 | D:8      | Reached skill level 1 in Invocations
  8679 | D:8      | Noticed Grum
  8688 | D:8      | Reached skill level 10 in Fighting
  8692 | D:8      | Killed Grum
  8693 | D:8      | Reached XP level 10. HP: 35/93 MP: 11/11
  9016 | D:8      | Noticed a vault sentinel
  9016 | D:8      | Noticed a vault sentinel
  9057 | D:8      | Killed a vault sentinel
  9063 | D:8      | Killed a vault sentinel
  9064 | D:8      | Reached skill level 13 in Axes
  9407 | D:8      | Found the +18 shield of the Gong {rElec rN+ Will+ EV-5}
  9526 | D:8      | Found a shadowy altar of Dithmenos.
  9661 | D:8      | Reached * piety under Cheibriados
 10432 | D:9      | Found a flagged portal.
 10438 | D:9      | Reached skill level 1 in Dodging
 10441 | D:9      | Noticed Erica
 10444 | Bailey   | Entered a bailey
 10507 | Bailey   | Reached ** piety under Cheibriados
 10530 | Bailey   | Noticed an orc warlord
 10544 | Bailey   | Reached skill level 5 in Invocations
 10624 | Bailey   | Found a runed translucent gate.
 10625 | Bailey   | Found a runed translucent gate.
 10626 | Bailey   | Found a runed translucent gate.
 11031 | D:9      | Acquired a +2 pair of gloves of infusion
 11296 | D:9      | Reached skill level 5 in Shields
 11412 | D:9      | Found a glowing golden altar of the Shining One.
 11496 | D:9      | Reached XP level 11. HP: 93/101 MP: 10/15
 11503 | D:9      | Reached *** piety under Cheibriados
 11523 | D:9      | Killed Erica
 12461 | D:10     | Entered Level 10 of the Dungeon
 12994 | D:10     | Found a staircase to the Lair.
 13086 | D:10     | Found a staircase to the Orcish Mines.
 13343 | D:11     | Noticed a boulder beetle
 13502 | D:10     | Killed a boulder beetle
 13802 | D:11     | Noticed a boulder beetle
 13833 | D:11     | Killed a boulder beetle
 13833 | D:11     | Reached **** piety under Cheibriados
 14078 | D:11     | Noticed a deep elf pyromancer
 14084 | D:11     | Killed a deep elf pyromancer
 14205 | D:11     | Noticed a two-headed ogre
 14214 | D:11     | Killed a two-headed ogre
 14215 | D:11     | Reached skill level 5 in Dodging
 14290 | D:11     | Noticed a cyclops
 14334 | D:11     | Killed a cyclops
 14849 | D:12     | Noticed Fannar
 14864 | D:12     | Reached XP level 12. HP: 75/108 MP: 9/19
 14873 | D:12     | Killed Fannar
 14874 | D:12     | Reached skill level 10 in Invocations
 16261 | D:13     | Noticed a centaur warrior
 16312 | D:13     | Noticed a centaur warrior
 16313 | D:13     | Noticed a centaur warrior
 16623 | D:13     | Noticed Nessos
 16633 | D:12     | Killed a centaur warrior
 16736 | D:12     | Reached skill level 14 in Axes
 16826 | D:12     | Killed Nessos
 17267 | D:13     | Killed a centaur warrior
 17267 | D:13     | Noticed a centaur warrior
 17277 | D:13     | Killed a centaur warrior
 17407 | D:13     | Noticed a boulder beetle
 17632 | D:13     | Killed a boulder beetle
 17943 | D:13     | Reached XP level 13. HP: 92/119 MP: 7/22
 17955 | D:13     | Mangled by an enormous slime creature

Illustrated notes

Levels and vault maps discovered:
D:1:      onia_arrival_pyramid, layout_rooms,
          dilly_ecumenical_altar_fadedgnrine, kennysheep_decorative_pillar,
          kennysheep_pointless_box
D:2:      cheibrodos_pilgrimage, layout_basic
D:3:      layout_loops_ring, zin_academy
D:4:      layout_cave_pools, minmay_bent, uniq_menkaure
D:5:      layout_basic, gammafunk_ghost_abyssal_escape,
          nicolae_figureground_sparkle
D:6:      layout_basic, gammafunk_temple_overflow_wave,
          mainiacjoe_overflow_paths, lemuel_round_altar, tgw_sif,
          lightli_ossuary_entry_decrepit_ruins, uniq_pikel, uniq_blork_the_orc
D:7:      layout_basic, mainiacjoe_overflow_small_starburst,
          minmay_temple_entry_hall
D:8:      layout_basic, nicolae_dithmenos_the_darkroom,
          hellmonk_guarded_unrand_gong, uniq_grum, uniq_psyche
D:9:      layout_basic, tso_altar, enter_bailey_8, uniq_erica
D:10:     layout_roguey, erik_lair_orcish_takeover, orc_0_dummy
D:11:     kennysheep_ambush_hall, layout_basic
D:12:     layout_loops_ring, uniq_fannar
D:13:     layout_loops_ring, nicolae_fountain_basement, uniq_nessos
D:14:     layout_loops_cross, lightli_vaults_fourway_checkpoint, special_room
          [special_room_orc], uniq_louise
Temple:   nicolae_temple_god_jail

Skill      XL: |  1  2  3  4  5  6  7  8  9 10 11 12 |
---------------+-------------------------------------+-----
Axes           | 3 4 6 8 9 11 12 13 14 | 14.9
Fighting       | 4 5 6 7 8 10 12 | 12.6
Armour         | 4 6 7 |  7.6
Invocations    | 2 6 9 12 | 12.5
Dodging        | 2 5 |  5.9
Shields        | 5 8 |  8.6

Action                   |  1- 3 |  4- 6 |  7- 9 | 10-12 | 13-15 || total
-------------------------+-------+-------+-------+-------+-------++-------
Melee: War axe           |    54 |    85 |   348 |   545 |     7 ||  1039
Invok: Slouch            |       |       |       |     3 |       ||     3
Evoke: Wand              |       |       |     5 |    19 |       ||    24
  Use: Potion            |     1 |       |     4 |     6 |       ||    11
       Scroll            |       |     9 |    10 |     8 |     2 ||    29
 Stab: Invisible         |       |       |       |     2 |       ||     2
Armor: Scale mail        |    24 |    55 |    73 |       |       ||   152
       Plate armour      |       |       |   113 |    86 |       ||   199
       Acid dragon scale |       |       |       |    88 |       ||    88
Dodge: Dodged            |    28 |    41 |    80 |    80 |       ||   229
Block: Buckler           |    14 |    22 |    55 |    25 |       ||   116
       Kite shield       |       |       |       |   641 |    10 ||   651

Table legend: (Time is in decaauts)
 A = Elapsed time spent in this place.
 B = Non-inter-level travel time spent in this place.
 C = Inter-level travel time spent in this place.
 D = Time resting spent in this place.
 E = Time spent auto-exploring this place.
 F = Levels seen in this place.
 G = Mean time per level.
                   A        B        C        D        E       F      G
               +--------+--------+--------+--------+--------+-----+--------+
         Total |  20232 |  19586 |    646 |   5392 |  11342 |  17 | 1190.1 |
       Dungeon |  19082 |  18477 |    605 |   4894 |  10999 |  14 | 1363.0 |
        Temple |     75 |     35 |     40 |      0 |     24 |   1 |   75.0 |
       Ossuary |    385 |    385 |      0 |    168 |    109 |   1 |  385.0 |
        Bailey |    688 |    688 |      0 |    330 |    209 |   1 |  688.0 |
               +--------+--------+--------+--------+--------+-----+--------+

Top non-repeatable levels by time:
    D:12: 2551 daAuts
     D:8: 2265 daAuts
     D:9: 2127 daAuts
    D:11: 1765 daAuts
     D:3: 1693 daAuts
    D:10: 1514 daAuts
     D:6: 1427 daAuts
     D:5: 1279 daAuts
     D:2: 1120 daAuts
     D:4: 1024 daAuts
     D:7: 882 daAuts
    D:13: 700 daAuts
  Bailey: 688 daAuts
     D:1: 574 daAuts
 Ossuary: 385 daAuts
